 Dungeon Crawl Stone Soup version 0.31-a0-986-g5e6e4ef867 (webtiles) character file.

Game seed: 8212613974543100565

101429 jasper the Warrior (level 15, -11/132 HPs)
             Began as a Demonspawn Cinder Acolyte on Nov 5, 2023.
             Was a High Priest of Okawaru.
             Mangled by a stone giant (20 damage)
             ... on level 15 of the Dungeon on Nov 6, 2023.
             The game lasted 00:45:01 (25335 turns).

jasper the Warrior (Demonspawn Cinder Acolyte)     Turns: 25335, Time: 00:45:02

Health: -11/132    AC: 10    Str: 16    XL:     15   Next: 83%
Magic:  16/17      EV: 25    Int: 16    God:    Okawaru [*****.]
Gold:   351        SH:  0    Dex: 14    Spells: 16/16 levels left

rFire   . .          .
                       - Unarmed
rCold   + . .        i - melded +0 buckler {rN+}
rNeg    . . .        S - +0 acid dragon scales
rPois   +            s - +0 helmet
rElec   .            (cloak unavailable)
rCorr   +            u - melded +1 pair of gloves of the Prince of Darkness {Regen+ Str-4 Int+3}
SInv    .            f - +3 pair of mountain boots {steadfast, rC+}
Will    +....        (no amulet)
Stlth   +++          A - ring of poison resistance
HPRegen 0.42/turn    c - +5 ring of evasion
MPRegen 0.15/turn

%: no passive effects
@: blade hands, heroic
A: yellow scales 2, foul stench 1, spiny 2, weakness stinger 3
a: Begin Untransformation, Renounce Religion, Heroism, Finesse, Duel


You were on level 15 of the Dungeon.
You worshipped Okawaru.
Okawaru was extremely pleased with you.
You had blades for hands.
You visited 3 branches of the dungeon, and saw 22 of its levels.

You collected 2284 gold pieces.
You spent 1933 gold pieces at shops.

Inventory:

Hand Weapons
 g - a +3 short sword of electrocution
Missiles
 h - 132 stones (quivered)
 x - 2 javelins
 y - 26 poisoned darts
 D - a silver javelin
 R - 4 throwing nets
 W - 4 curare-tipped darts
Armour
 b - the +0 pair of boots of the Snake Pit {rF+ Str+3 Int+3}
   (You bought it in a shop on level 12 of the Dungeon)

   Str+3:     It affects your strength (+3).
   Int+3:     It affects your intelligence (+3).
   rF+:       It protects you from fire.
 f - the +3 pair of mountain boots (worn) {steadfast, rC+}
   (You bought it in a shop on level 1 of the Dungeon)

   Steadfast: It prevents involuntary movement, except for blinking,
   teleportation, or banishment.
   rC+:       It protects you from cold.
 i - a +0 buckler of positive energy (melded)
 r - a +0 cloak of poison resistance
 s - a +0 helmet (worn)
 u - the +1 pair of gloves of the Prince of Darkness (melded) {Regen+ Str-4 Int+3}
   (You found it on level 4 of the Dungeon)

   Str-4:     It affects your strength (-4).
   Int+3:     It affects your intelligence (+3).
   Regen+:    It increases your rate of health regeneration.
 M - +0 steam dragon scales
 N - a +0 kite shield
 S - +0 acid dragon scales (worn)
 U - a +2 cloak of stealth
Jewellery
 c - a +5 ring of evasion (right blade hand)
 A - a ring of poison resistance (left blade hand)
 T - a +6 ring of dexterity
Talismans
 l - a beast talisman
 Z - a blade talisman (active)
Wands
 w - a wand of acid (1)
 G - a wand of flame (24)
 J - a wand of polymorph (15)
 V - a wand of paralysis (6)
Scrolls
 a - a scroll of amnesia
 k - 2 scrolls of brand weapon
 o - 2 scrolls of fear
 p - 2 scrolls of blinking
 t - 3 scrolls of poison
 v - 11 scrolls of teleportation
 B - 4 scrolls of enchant armour
 F - a scroll of vulnerability
 K - a scroll of torment
 O - 2 scrolls of fog
 P - a scroll of revelation
 X - a scroll of enchant weapon
Potions
 d - 3 potions of attraction
 e - 4 potions of might
 j - 5 potions of degeneration
 m - 3 potions of mutation
 n - 3 potions of brilliance
 q - 2 potions of curing
 z - 3 potions of enlightenment
 C - a potion of berserk rage
 E - a potion of haste
 H - a potion of ambrosia
 I - a potion of resistance
 L - 4 potions of heal wounds
 Q - 2 potions of magic {unknown}
 Y - 2 potions of lignification


   Skills:
 - Level 16.6(21.6) Fighting
 - Level 12.4(17.4) Dodging
 - Level 12.7(17.7) Unarmed Combat
 - Level 1.0 Spellcasting
 - Level 2.6 Fire Magic
 - Level 3.3 Invocations
 - Level 5.0 Evocations
 + Level 11.6 Shapeshifting


You had 16 spell levels left.
You didn't know any spells.
Your spell library contained the following spells:

 Spells                   Type           Power      Damage    Failure   Level
 Scorch                   Fire           18%        2d5       16%         2
 Foxfire                  Conj/Fire      20%        2x1d5     17%         1
 Slow                     Hex            0%         N/A       30%         1
 Static Discharge         Conj/Air       0%         3-3/arc   41%         2
 Wereblood                Tmut           0%         N/A       41%         2
 Volatile Blastmotes      Fire/Tloc      10%        2d10      45%         3
 Confusing Touch          Hex            0%         N/A       65%         3
 Ozocubu's Armour         Ice            0%         N/A       65%         3
 Sigil of Binding         Hex            0%         N/A       65%         3
 Stone Arrow              Conj/Erth      0%         3d7       65%         3
 Vampiric Draining        Necr           0%         2d6       65%         3
 Flame Wave               Conj/Fire      5%         2d5       86%         4
 Irradiate                Conj/Tmut      0%         3d11      100%        5
 Metabolic Englaciation   Hex/Ice        0%         N/A       100%        5
 Bombard                  Conj/Erth      0%         9d1       100%        6
 Plasma Beam              Fire/Air       2%         2x1d12    100%        6
 Ozocubu's Refrigeration  Ice            0%         4d7       100%        7
 Lehudib's Crystal Spear  Conj/Erth      0%         10d2      100%        8
 Polar Vortex             Ice            0%         N/A       100%        9
 Animate Armour           Summ/Erth      Unusable   N/A       N/A         4
 Simulacrum               Ice/Necr       Unusable   N/A       N/A         6

Dungeon Overview and Level Annotations

Branches:
Dungeon (15/15)            Temple (0/1) D:5            Lair (5/5) D:10
  Swamp (0/4) Lair:3       Spider (0/4) Lair:3        Slime (0/5) Lair:5
    Orc (2/2) D:12            Elf (0/3) Orc:2        Vaults (0/5) D:14
 Depths (0/4) D:15

Altars:
Ashenzari
Cheibriados
Kikubaaqudgha
Okawaru
Ru
Vehumet
Xom

Shops:
D:1 (?[[   D:5 :   D:7 :   D:11 [   D:12 [   Orc:1 =   Orc:2 =[=**

Portals:
Pandemonium: Orc:2
Trove: D:15 (give 8 potions of haste)

Annotations:
D:14 Roxanne
Lair:3 3 runed translucent doors, Whiskey's ghost, journeyman TrSh


Innate Abilities, Weirdness & Mutations

You have blades for hands.
You are incapable of wielding weapons or throwing items.
You are mostly covered in yellow scales. (AC +3)
You may rarely emit foul miasma when damaged in melee.
You are mostly covered in sharp spines.
You have a sharp stinger which inflicts weakening toxins.


Message History

The tengu warrior pecks you but does no damage.
The tengu warrior barely misses you.
You take 8 damage, and have 28/132 hp.
You miss the tengu warrior.
Your tail-slap misses the tengu warrior.
The tengu warrior is lightly wounded.
The stone giant is struck by your spines.
The stone giant barely misses you. The tengu warrior closely misses you.
The tengu warrior barely misses you. The tengu warrior misses you.
You closely miss the tengu warrior.
Your tail-slap misses the tengu warrior.
The tengu warrior is lightly wounded.
You slash the tengu warrior! You tail-slap the tengu warrior.
The tengu warrior looks weaker.
You slash the tengu warrior, but do no damage.
The tengu warrior is moderately wounded.
The stone giant completely misses you.
The tengu warrior is struck by your spines.
The tengu warrior completely misses you. x2
The tengu warrior claws you but does no damage.
You miss the tengu warrior.
Your tail-slap misses the tengu warrior.
The tengu warrior is heavily wounded.
The stone giant is struck by your spines.
The stone giant closely misses you.
You slice the tengu warrior!!
You kill the tengu warrior!
Okawaru accepts your kill.
You hit the stone giant but do no damage.
You slash the stone giant, but do no damage.
The stone giant is moderately wounded.
The stone giant hits you!!
* * * LOW HITPOINT WARNING * * *
You take 21 damage, and have 8/132 hp.
You shred the stone giant!!! You tail-slap the stone giant.
The stone giant looks weaker.
The stone giant is almost dead.
The stone giant is struck by your spines.
The stone giant hits you!!
You die...

#........####........
####'####...'........
#≈≈...≈≈#####........
#≈..#..≈# ##..†....
#.#.#.#.# ##.....#
#.≈.≈.≈.# ##...##
#.≈...≈.# ##'##
#.≈.C.≈.# #.#
#.##@##.# ##.###
#.#)).#.# #..... #
#.>.#.# ##...##
'...'.# #.....#
####### # ##...##
....###..###
#......... #####.####
#.#


You could see a stone giant (weak).

Vanquished Creatures
  Rupert (Lair:4)
  8 vault guards (D:14)
  4 hydras
  Harold (D:11)
  Erica (D:10)
  4 boulder beetles
  4 centaur warriors
  3 demonspawn (Orc:2)
  4 two-headed ogres
  21 death yaks
  7 tengu warriors
  An occultist (D:15)
  5 orc high priests (Orc:2)
  Sonja (Lair:2)
  Nergalle (D:10)
  A skyshark (Lair:2)
  5 skeletal warriors (D:13)
  5 orc knights
  3 deep elf pyromancers
  3 cyclopes
  18 ugly things
  A salamander (Lair:2)
  6 orc sorcerers (Orc:2)
  2 manticores
  Joseph (D:7)
  Maurice (Orc:2)
  3 black mambas
  8 cane toads
  2 orange demons (Orc:2)
  4 rime drakes
  11 komodo dragons
  An unseen horror (D:11)
  4 yaktaurs (D:15)
  An ice devil (Orc:2)
  2 tengu conjurers
  9 trolls
  3 meliai (D:15)
  4 polar bears
  A hellwing (Orc:2)
  A tyrant leech (Lair:3)
  4 hornets
  21 blink frogs
  2 dream sheep (Lair:5)
  8 slime creatures
  2 wraiths
  3 shadows
  10 spriggans (Lair:5)
  22 yaks
  2 redbacks (Lair:3)
  6 wyverns
  4 basilisks
  14 fire elementals
  12 vampire mosquitoes
  A steam dragon (D:8)
  2 swamp worms (Lair:3)
  A warg (D:12)
  2 acid dragons
  9 water moccasins
  31 orc warriors
  2 sky beasts (D:7)
  5 ice beasts
  5 black bears
  12 ogres
  30 wolves
  5 boggarts (Lair:5)
  7 centaurs
  A phantom (D:6)
  2 kobold brigands
  4 scorpions
  11 bullfrogs
  A gnoll sergeant (D:9)
  19 wights
  3 killer bees (D:9)
  4 howler monkeys
  A lava snake (Lair:2)
  2 hounds
  2 gnoll boudas
  27 orc priests
  12 jellies (Lair:5)
  Natasha (thrice) (D:3)
  3 iguanas
  Terence (D:3)
  2 sleepcaps (D:4)
  14 orc wizards
  4 hell rats
  13 gnolls
  7 adders
  2 white imps (D:6)
  4 ufetubi (D:5)
  A worm (D:5)
  2 dart slugs (D:1)
  84 orcs
  10 endoplasms
  4 giant cockroaches
  3 goblins
  7 hobgoblins
  2 quokkas
  7 ball pythons
  6 bats
  2 frilled lizards
  6 kobolds
  4 rats
668 creatures vanquished.

Notes
Turn   | Place    | Note
-------+----------+-------------------------------------------
     0 | D:1      | jasper the Demonspawn Cinder Acolyte began the quest for
                  | the Orb.
     0 | D:1      | Reached XP level 1. HP: 18/18 MP: 2/2
   210 | D:1      | Found Farghymo's Armour Emporium.
   381 | D:1      | Gained mutation: You may rarely emit foul miasma when
                  | damaged in melee. [demonic ancestry]
   381 | D:1      | Reached XP level 2. HP: 24/24 MP: 3/3
   621 | D:1      | Found Erhycuz's Antique Armour Boutique.
   627 | D:1      | Reached skill level 4 in Fighting
   745 | D:1      | Found Yreshi's Magic Scroll Shoppe.
   749 | D:1      | Reached XP level 3. HP: 27/30 MP: 4/4
   767 | D:1      | Bought a scroll of identify for 24 gold pieces
   788 | D:1      | Found Tohoe's Weapon Boutique.
  1167 | D:2      | Found a radiant altar of Vehumet.
  1292 | D:2      | Reached skill level 5 in Fighting
  1292 | D:2      | Gained mutation: You are partially covered in sharp spines.
                  | [demonic ancestry]
  1292 | D:2      | Reached XP level 4. HP: 30/39 MP: 5/5
  1688 | D:3      | Noticed Terence
  1694 | D:3      | Reached XP level 5. HP: 46/46 MP: 6/6
  1698 | D:3      | Killed Terence
  1699 | D:3      | Reached skill level 6 in Fighting
  1704 | D:3      | Noticed Natasha
  1708 | D:3      | Killed Natasha
  1753 | D:3      | Noticed Natasha
  1762 | D:3      | Killed Natasha
  1793 | D:3      | Noticed Natasha
  1800 | D:3      | Killed Natasha
  2167 | D:4      | Reached skill level 7 in Fighting
  2167 | D:4      | Reached XP level 6. HP: 55/55 MP: 7/7
  2194 | D:4      | Identified the +1 pair of gloves of the Prince of Darkness
                  | {Regen+ Str-4 Int+3}
  2541 | D:4      | Identified the +0 plate armour of Mysticism {Rampage Dex+3}
  2833 | D:4      | Found a sacrificial altar of Ru.
  2887 | D:5      | Entered Level 5 of the Dungeon
  2898 | D:5      | Found a staircase to the Ecumenical Temple.
  2969 | D:5      | Reached skill level 8 in Fighting
  2969 | D:5      | Gained mutation: You are partially covered in yellow
                  | scales. (AC +2) [demonic ancestry]
  2969 | D:5      | Reached XP level 7. HP: 62/62 MP: 8/8
  3202 | D:5      | Found Lasod's Tremendous Tomes.
  3256 | D:5      | Reached skill level 9 in Fighting
  3402 | D:6      | Reached XP level 8. HP: 66/72 MP: 9/9
  3434 | D:6      | Reached skill level 10 in Fighting
  3434 | D:6      | Reached skill level 1 in Shapeshifting
  3457 | D:6      | Identified the +2 trident of Kuch {elec, Drain Dex+4}
  3776 | D:6      | Reached skill level 1 in Dodging
  4028 | D:6      | Noticed a troll
  4031 | D:6      | Killed a troll
  4159 | D:6      | Reached XP level 9. HP: 77/79 MP: 10/10
  4531 | D:7      | Reached skill level 11 in Fighting
  4531 | D:7      | Reached skill level 5 in Unarmed Combat
  4859 | D:1      | Bought the +3 pair of mountain boots {steadfast, rC+} for
                  | 335 gold pieces
  4859 | D:1      | Found the +3 pair of mountain boots {steadfast, rC+}
  5069 | D:7      | Found Qoguaser's Self-Improvement Boutique.
  5295 | D:7      | Noticed Joseph
  5311 | D:7      | Killed Joseph
  5732 | D:8      | Reached skill level 5 in Dodging
  5795 | D:8      | Noticed a two-headed ogre
  5806 | D:8      | Killed a two-headed ogre
  5807 | D:8      | Gained mutation: You are mostly covered in yellow scales.
                  | (AC +3) [demonic ancestry]
  5807 | D:8      | Reached XP level 10. HP: 74/89 MP: 11/11
  5972 | D:8      | Reached skill level 12 in Fighting
  6870 | D:9      | Reached skill level 1 in Evocations
  6925 | D:9      | Paralysed by a hornet for 3 turns
  6998 | D:9      | Noticed a boulder beetle
  7020 | D:9      | Killed a boulder beetle
  7227 | D:9      | Found an iron altar of Okawaru.
  7231 | D:9      | Found a shimmering altar of Xom.
  7285 | D:9      | Reached skill level 5 in Evocations
  7296 | D:9      | Gained mutation: You are mostly covered in sharp spines.
                  | [demonic ancestry]
  7296 | D:9      | Reached XP level 11. HP: 85/95 MP: 12/12
  7456 | D:9      | Found a snail-covered altar of Cheibriados.
  7460 | D:9      | Found an ancient bone altar of Kikubaaqudgha.
  7846 | D:10     | Entered Level 10 of the Dungeon
  8094 | D:10     | Found a staircase to the Lair.
  8179 | D:10     | Paralysed by a centaur for 2 turns
  8187 | D:10     | Noticed Nergalle
  8214 | D:10     | Killed Nergalle
  8537 | D:10     | Noticed Erica
  8552 | D:10     | Killed Erica
  8897 | D:11     | Noticed Harold
  9165 | D:11     | Killed Harold
  9166 | D:11     | Reached skill level 13 in Fighting
  9809 | D:11     | Found Aggunej's Armour Shop.
 10088 | D:15     | Identified the "Bonwirgh"
 10088 | Lair:1   | Entered Level 1 of the Lair of Beasts
 10260 | D:11     | Bought a +2 cloak of stealth for 365 gold pieces
 11115 | Lair:2   | Noticed Sonja
 11120 | Lair:2   | Killed Sonja
 11285 | Lair:2   | Gained mutation: You have a small tail. [demonic ancestry]
 11285 | Lair:2   | Reached XP level 12. HP: 101/105 MP: 13/13
 11687 | Lair:2   | Identified the +1 quarterstaff of the Arena {holy, rPois
                  | MP-9 Str+7 Int+2}
 11707 | Lair:2   | Reached skill level 14 in Fighting
 12227 | Lair:3   | Noticed a death yak
 12227 | Lair:3   | Noticed a death yak
 12227 | Lair:3   | Noticed a death yak
 12227 | Lair:3   | Noticed a death yak
 12250 | Lair:2   | Killed a death yak
 12264 | Lair:2   | Killed a death yak
 12329 | Lair:3   | Reached skill level 10 in Unarmed Combat
 12442 | Lair:3   | Noticed a six-headed hydra
 12454 | Lair:3   | Killed a six-headed hydra
 12767 | Lair:3   | Killed a death yak
 12768 | Lair:3   | Reached skill level 10 in Dodging
 12777 | Lair:3   | Killed a death yak
 12872 | Lair:3   | Found a runed translucent gate.
 12965 | Lair:3   | Found a hole to the Spider Nest.
 13041 | Lair:3   | Found a runed translucent gate.
 13047 | Lair:3   | Found a runed translucent gate.
 13065 | Lair:3   | Noticed Whiskey's ghost (journeyman TrSh)
 13148 | Lair:3   | Noticed a death yak
 13148 | Lair:3   | Noticed a death yak
 13148 | Lair:3   | Noticed a death yak
 13148 | Lair:3   | Noticed a death yak
 13149 | Lair:3   | Noticed a death yak
 13162 | Lair:3   | Killed a death yak
 13163 | Lair:3   | Gained mutation: You have a tail ending in a sharp stinger.
                  | [demonic ancestry]
 13163 | Lair:3   | Reached XP level 13. HP: 107/114 MP: 14/14
 13417 | Lair:3   | Reached skill level 15 in Fighting
 13509 | Lair:3   | Found a staircase to the Swamp.
 13778 | Lair:4   | Identified the +1 ring mail of Byzodut {rElec Dex+3}
 14110 | Lair:4   | Noticed Rupert
 14118 | Lair:4   | Paralysed by Rupert for 4 turns
 14125 | Lair:4   | Paralysed by Rupert for 3 turns
 14327 | D:12     | Found Myxkool's Antique Armour Emporium.
 14334 | D:12     | Bought a pair of fine boots for 323 gold pieces
 14334 | D:12     | Identified the +0 pair of boots of the Snake Pit {rF+ Str+3
                  | Int+3} (You bought it in a shop on level 12 of the Dungeon)
 14923 | D:12     | Found a staircase to the Orcish Mines.
 15347 | Lair:5   | Identified the "Aneph"
 15347 | Orc:1    | Entered Level 1 of the Orcish Mines
 15347 | Orc:1    | Found Eplazeel's Jewellery Emporium.
 15815 | Orc:2    | Entered Level 2 of the Orcish Mines
 15873 | Orc:2    | Noticed Maurice
 15883 | Orc:2    | Maurice stole 105 stones
 15884 | Orc:2    | Maurice stole a +0 kite shield
 15889 | Orc:2    | Killed Maurice
 15945 | Orc:2    | Found Daosa Luw's Jewellery Boutique.
 16127 | Orc:2    | Found a staircase to the Elven Halls.
 16237 | Orc:2    | Found Buloolot's General Store.
 16464 | Orc:2    | Found Oriobleh's General Store.
 16622 | Orc:2    | Bought a potion of curing for 51 gold pieces
 16622 | Orc:2    | Bought a potion of heal wounds for 85 gold pieces
 16624 | Orc:2    | Bought 2 potions of haste for 300 gold pieces
 17688 | Orc:2    | Reached XP level 14. HP: 88/124 MP: 15/15
 17721 | Orc:2    | Reached skill level 16 in Fighting
 18093 | Orc:2    | Found Rutoun's Jewellery Emporium.
 18093 | Orc:2    | Found Epsig's Antique Armour Shoppe.
 18094 | Orc:2    | Found a one-way gate leading to the halls of Pandemonium.
 18830 | D:9      | Fell from the grace of Ignis
 18830 | D:9      | Became a worshipper of Warmaster Okawaru
 19117 | D:13     | Reached * piety under Okawaru
 19172 | D:13     | Reached skill level 1 in Invocations
 19765 | Orc:2    | Bought a blade talisman for 450 gold pieces
 19982 | Lair:5   | Entered Level 5 of the Lair of Beasts
 20074 | Lair:5   | Found a staircase to the Slime Pits.
 20257 | Lair:5   | Reached ** piety under Okawaru
 20275 | Lair:5   | Reached skill level 5 in Shapeshifting
 20642 | Lair:5   | Reached *** piety under Okawaru
 20984 | Lair:5   | Gained mutation: You have a sharp stinger which inflicts
                  | weakening toxins. [demonic ancestry]
 20984 | Lair:5   | Reached XP level 15. HP: 54/126 MP: 15/17
 21157 | Lair:5   | Identified the +4 plate armour of Weuzagh {Str+2 Dex+2}
 21379 | Lair:5   | Reached **** piety under Okawaru
 21638 | Lair:4   | Killed Rupert
 22669 | D:14     | Found a gate to the Vaults.
 22853 | D:14     | Was forgiven by Ignis
 22963 | D:14     | Reached ***** piety under Okawaru
 22986 | D:14     | Reached skill level 10 in Shapeshifting
 23235 | D:14     | Noticed Roxanne
 23652 | D:14     | Received a gift from Okawaru
 23886 | D:15     | Entered Level 15 of the Dungeon
 24512 | D:15     | Found a portal to a secret trove of treasure.
 24768 | D:15     | Found a broken altar of Ashenzari.
 25315 | D:15     | Found a staircase to the Depths.
 25335 | D:15     | Mangled by a stone giant

Illustrated notes

Levels and vault maps discovered:
D:1:      matt_arrival_los_fun, layout_loops_corners, serial_shops,
          nicolae_shop_tiny_statue_garden,
          nicolae_shop_competitors_out_of_business, nicolae_shop_peninsula,
          nicolae_shop_window_shopping
D:2:      layout_rooms, basic_altar, grunt_ministairs_3
D:3:      layout_basic, minivault_24, uniq_natasha, uniq_terence
D:4:      layout_loops_cross, kennysheep_little_box, amethyst_killhole,
          nrook_loot_triangle, minmay_door_square
D:5:      layout_gridville, minmay_temple_entry_glassed_door,
          nicolae_shop_i_like_big_books
D:6:      minmay_cornered_nines, layout_gridville
D:7:      layout_basic, nicolae_shop_self_help, uniq_joseph
D:8:      layout_basic, special_room [special_room_orc], minmay_quadrilaterals
D:9:      layout_basic, minitemple, grunt_temple_overflow_open
D:10:     layout_stronghold, hellmonk_lair_entry_icy, uniq_erica, uniq_nergalle
D:11:     layout_irregular_city, serial_shops, nicolae_lakefront_shop,
          uniq_harold
D:12:     layout_long_grid, david_orc_1_choice, serial_shops, shop
D:13:     layout_cave_pools
D:14:     layout_basic, erik_vaults_2, minmay_misc_feat_tower,
          minmay_misc_feat_rugged, uniq_roxanne
D:15:     grunt_enter_depths_snipers, layout_loops_corners,
          nicolae_trove_entry_diagonal, nicolae_ashenzari_skybound
Lair:1:   layout_cave_pods
Lair:2:   layout_gridlike, uniq_sonja
Lair:3:   layout_roguey, palyth_hydra_swamp_entry, spider_nest_entry_funnel_web,
          ebering_ghost_rock_garden, grunt_megastairs_4
Lair:4:   layout_regular_city, uniq_rupert
Lair:5:   minmay_lair_end_enchanted_forest, layout_regular_city,
          minmay_slime_entry_jelly_boxes, chequers_serial_rivers_micro_b,
          chequers_serial_rivers_micro_d, infiniplex_staircase_pool_2
Orc:1:    layout_caves, serial_shops, shop
Orc:2:    pf_orc_diabolical, layout_diamond_mine, serial_shops,
          nicolae_diamond_shop, uniq_maurice

Skill      XL: |  1  2  3  4  5  6  7  8  9 10 11 12 13 14 15 |
---------------+----------------------------------------------+-----
Fighting       | 4 5 7 8 9 10 11 12 13 14 15 16 | 16.6
Shapeshifting  | 3 7 11 | 11.6
Dodging        | 2 5 6 8 10 11 12 | 12.4
Unarmed Combat | 4 6 7 9 10 12 | 12.7
Evocations     | 5 |  5.0
Invocations    | 3 |  3.3
Spellcasting   | |  1.0
Fire Magic     | |  2.6

Action                     |  1- 3 |  4- 6 |  7- 9 | 10-12 | 13-15 || total
---------------------------+-------+-------+-------+-------+-------++-------
  Melee: Unarmed           |    15 |       |       |       |   980 ||   995
         Short sword       |   113 |    83 |   269 |   666 |   515 ||  1646
         Punch             |     1 |     2 |     8 |    43 |   133 ||   187
         Tailslap          |       |       |       |    52 |   347 ||   399
  Throw: Stone             |     4 |     1 |       |       |    11 ||    16
         Dart              |       |       |       |     2 |       ||     2
 Invoke: Fiery Armour      |     1 |     1 |     2 |     3 |     6 ||    13
         Rising Flame      |       |       |       |       |     1 ||     1
         Heroism           |       |       |       |       |     8 ||     8
Ability: Begin Untransform |       |       |     1 |       |       ||     1
  Evoke: Wand              |       |     2 |     2 |     8 |    28 ||    40
    Use: Scroll            |     4 |     6 |     3 |     8 |     6 ||    27
         Potion            |       |       |     1 |     1 |     4 ||     6
   Stab: Distracted        |       |       |       |       |     2 ||     2
 Armour: Robe              |     5 |       |       |       |       ||     5
         Leather armour    |     5 |       |       |       |       ||     5
         Scale mail        |    78 |    23 |       |       |       ||   101
         Ring mail         |       |    34 |   225 |    53 |       ||   312
         Skin              |       |       |     1 |       |       ||     1
         Steam dragon scal |       |       |       |   239 |       ||   239
         Acid dragon scale |       |       |       |   236 |   949 ||  1185
  Dodge: Dodged            |    47 |    30 |   113 |   452 |  1109 ||  1751
  Block: Buckler           |       |       |       |       |    38 ||    38
   Form: Beast             |       |       |     1 |       |       ||     1
         Blade             |       |       |       |       |     1 ||     1

Table legend: (Time is in decaauts)
 A = Elapsed time spent in this place.
 B = Non-inter-level travel time spent in this place.
 C = Inter-level travel time spent in this place.
 D = Time resting spent in this place.
 E = Time spent auto-exploring this place.
 F = Levels seen in this place.
 G = Mean time per level.
                   A        B        C        D        E       F      G
               +--------+--------+--------+--------+--------+-----+--------+
         Total |  25164 |  22993 |   2171 |   2082 |  15334 |  22 | 1143.8 |
       Dungeon |  15945 |  14389 |   1556 |    862 |  10284 |  15 | 1063.0 |
          Lair |   6093 |   5668 |    425 |    213 |   3826 |   5 | 1218.6 |
  Orcish Mines |   3125 |   2936 |    189 |   1007 |   1224 |   2 | 1562.5 |
               +--------+--------+--------+--------+--------+-----+--------+

Top non-repeatable levels by time:
   Orc:2: 2557 daAuts
    D:14: 1855 daAuts
  Lair:5: 1491 daAuts
  Lair:3: 1437 daAuts
    D:15: 1424 daAuts
    D:10: 1376 daAuts
    D:11: 1311 daAuts
    D:12: 1284 daAuts
     D:8: 1217 daAuts
     D:9: 1174 daAuts
  Lair:2: 1104 daAuts
  Lair:1: 1098 daAuts
     D:1: 985 daAuts
  Lair:4: 961 daAuts
     D:7: 871 daAuts
